 Dungeon Crawl Stone Soup version 0.29.1-15-g9cfb28693d (webtiles) character file.

Game seed: 13333413512480074103

129630 M4edhros the Black Belt (level 17, -3/135 HPs)
             Began as an Octopode Chaos Knight on Mar 2, 2023.
             Was a High Priest of Cheibriados.
             Slain by a wolf spider (10 damage)
             ... on level 4 of the Spider Nest on Mar 3, 2023.
             The game lasted 01:33:16 (12845 turns).

M4edhros the Black Belt (Octopode Chaos Knight)    Turns: 12845, Time: 01:33:17

Health: -3/135     AC: 29    Str: 27    XL:     17   Next: 6%
Magic:  24/26      EV: 12    Int: 32    God:    Cheibriados [*****.]
Gold:   390        SH:  0    Dex: 34    Spells: 1/28 levels left

rFire   + . .      SeeInvis .     - Unarmed
rCold   . . .      Faith    .   e - +4 kite shield {reflect}
rNeg    + + .      Spirit   .   E - +2 hat
rPois   ∞          Reflect  +   t - amulet of magic regeneration
rElec   +          Harm     .   g - +4 ring of slaying
rCorr   .          Rampage  .   w - +4 ring of slaying
Will    +....                   C - +6 ring of strength
Stlth   ++++......              B - ring of protection from fire
HPRegen 0.32/turn               U - ring of wizardry
MPRegen 0.60/turn               j - ring of Ephemeral Luck {rPois rF- rN+ Int+5}
                                Q - +4 ring of slaying
                                L - ring of Keefam {Fire Dex+5}

@: lethally poisoned (-3 -> -3), statue-form, held, very slow
A: slow and powerful, torment resistance 1, boosted hp, almost no armour,
amphibious, 8 rings, camouflage 1, (gelatinous body 1), (nimble swimmer 1),
tentacles, antennae 1, cold resistance 1, dopey 1, frail 1, weak 1
a: End Transformation, Renounce Religion, Bend Time, Temporal Distortion,
Slouch, Step From Time


You were on level 4 of the Spider Nest.
You worshipped Cheibriados.
Cheibriados was extremely pleased with you.
You were a living statue of rough stone.
You visited 5 branches of the dungeon, and saw 27 of its levels.
You visited 1 bazaar.
You also visited: Gauntlet.

You collected 2127 gold pieces.
You spent 1737 gold pieces at shops.

Inventory:

Hand Weapons
 X - the +8 arbalest of Defiance {penet, rPois rF+ Will+ Stlth+}
   (You took it off a minotaur in a Gauntlet)

   Any ammunition fired by it passes through the targets it hits, potentially
   hitting all targets in its path until it reaches maximum range.
   rF:        It protects you from fire.
   rPois:     It protects you from poison.
   Will:      It increases your willpower.
   Stlth:     It makes you more stealthy.
Missiles
 H - 3 atropa-tipped darts
 P - 4 curare-tipped darts
Armour
 e - a +4 kite shield of reflection (worn)
 E - a +2 hat (worn)
 R - an orb of guile
Magical Staves
 y - a staff of fire
Jewellery
 g - a +4 ring of slaying (left tentacle)
 j - the ring of Ephemeral Luck (on tentacle) {rPois rF- rN+ Int+5}
   (You found it on level 14 of the Dungeon)

   [ring of positive energy]

   Int:       It affects your intelligence (+5).
   rF:        It makes you vulnerable to fire.
   rPois:     It protects you from poison.
   rN:        It protects you from negative energy.
 t - an amulet of magic regeneration (around mantle)
 v - an amulet of the acrobat
 w - a +4 ring of slaying (right tentacle)
 z - an amulet of reflection
 B - a ring of protection from fire (on tentacle)
 C - a +6 ring of strength (on tentacle)
 D - a ring of ice
 L - the ring of Keefam (on tentacle) {Fire Dex+5}
   (You took it off a minotaur in a Gauntlet)

   [ring of fire]

   It enhances your fire magic.
   Dex:       It affects your dexterity (+5).
   rF:        It protects you from fire.
   rC:        It makes you vulnerable to cold.
 Q - a +4 ring of slaying (on tentacle)
 U - a ring of wizardry (on tentacle)
Wands
 a - a wand of digging (6)
 m - a wand of flame (1)
 F - a wand of iceblast (7)
 S - a wand of polymorph (9)
Scrolls
 d - a scroll of vulnerability
 i - 5 scrolls of enchant weapon
 n - 8 scrolls of identify
 o - 9 scrolls of immolation
 r - 4 scrolls of poison
 x - 2 scrolls of amnesia
 A - 5 scrolls of butterflies
 G - a scroll of fear (quivered)
 I - 7 scrolls of teleportation
 O - a scroll of noise
 V - a scroll of silence
Potions
 f - 11 potions of ambrosia
 k - 7 potions of flight
 q - 2 potions of haste
 s - 4 potions of brilliance
 u - 3 potions of curing
 J - 3 potions of magic
 M - 4 potions of attraction
 N - a potion of heal wounds
 W - a potion of berserk rage
 Y - a potion of lignification
Miscellaneous
 b - a piece from Xom's chessboard (15/15)
 c - a box of beasts
 l - a tin of tremorstones (2/2)
 p - a phial of floods
 K - a condenser vane
 Z - a phantom mirror


   Skills:
 - Level 10.4 Fighting
 - Level 3.4 Long Blades
 - Level 10.0 Dodging
 * Level 5.5 Shields
 - Level 15.0 Unarmed Combat
 - Level 6.0 Spellcasting
 - Level 11.5 Summonings
 - Level 11.5 Necromancy
 - Level 4.0 Translocations
 + Level 8.9 Transmutations
 + Level 8.9 Earth Magic
 - Level 6.0 Invocations


You had one spell level left.
You knew the following spells:

 Your Spells              Type           Power      Damage    Failure   Level
a - Call Canine Familiar  Summ           70%        N/A       1%          3
b - Haunt                 Necr/Summ      35%        N/A       34%         7
c - Statue Form           Tmut/Erth      40%        N/A       21%         6
d - Summon Forest         Summ/Tloc      28%        N/A       6%          5
e - Summon Cactus Giant   Summ           35%        N/A       7%          6

Your spell library contained the following spells:

 Spells                   Type           Power      Damage    Failure   Level
 Beastly Appendage        Tmut           100%       N/A       1%          1
 Sting                    Tmut/Pois      100%       1d8       1%          1
 Foxfire                  Conj/Fire      56%        2x1d6     5%          1
 Slow                     Hex            36%        N/A       5%          1
 Passwall                 Tmut/Erth      50%        N/A       1%          2
 Wereblood                Tmut           61%        N/A       1%          2
 Vampiric Draining        Necr           70%        2d11      1%          3
 Animate Dead             Necr           70%        N/A       1%          4
 Spider Form              Tmut/Pois      38%        N/A       2%          3
 Gell's Gravitas          Tloc           35%        N/A       3%          3
 Lesser Beckoning         Tloc           35%        N/A       3%          3
 Teleport Other           Tloc           35%        N/A       3%          3
 Lee's Rapid Deconstruct  Erth           30%        3d17*     3%          5
 Ignite Poison            Fire/Tmut/Pois 42%        N/A       4%          3
 Portal Projectile        Hex/Tloc       44%        N/A       7%          3
 Ensorcelled Hibernation  Hex/Ice        18%        N/A       8%          2
 Poisonous Vapours        Pois/Air       18%        N/A       8%          2
 Leda's Liquefaction      Hex/Erth       19%        N/A       9%          4
 Summon Mana Viper        Hex/Summ       46%        N/A       13%         5
 Confusing Touch          Hex            9%         N/A       16%         3
 Conjure Flame            Conj/Fire      14%        6-21      16%         3
 Inner Flame              Hex/Fire       14%        N/A       16%         3
 Swiftness                Air            9%         N/A       16%         3
 Yara's Violent Unravell  Hex/Tmut       19%        3d9       22%         5
 Flame Wave               Conj/Fire      14%        2d6       43%         4
 Olgreb's Toxic Radiance  Pois           9%         N/A       43%         4
 Sticky Flame             Conj/Fire      14%        2d4       43%         4
 Iron Shot                Conj/Erth      19%        9d4       75%         6
 Iskenderun's Battlesphe  Conj           9%         2d6       77%         5
 Infestation              Necr           35%        N/A       95%         8
 Spellforged Servitor     Conj/Summ      23%        N/A       98%         7
 Enfeeble                 Hex            4%         N/A       100%        7


Dungeon Overview and Level Annotations

Branches:
Dungeon (15/15)            Temple (1/1) D:6            Lair (5/5) D:9
 Spider (4/4) Lair:2        Slime (0/5) Lair:4          Orc (2/2) D:11
    Elf (0/3) Orc:2        Vaults (0/5) D:13        Gauntlet (visited)
  Swamp: Lair:2-3    Shoals: Lair:2-3    Depths: D:15

Altars:
Cheibriados
Kikubaaqudgha
Okawaru
Sif Muna
Yredelemnul
Zin
The Shining One
Jiyva

Shops:
D:7 *   D:14 [   Orc:2 =:([

Annotations:
D:2 Sigmund
D:4 Dowan, Duvessa
D:10 1 runed translucent door


Innate Abilities, Weirdness & Mutations

You are a living statue of rough stone.
Your actions are slow, but your melee attacks are powerful.
You are resistant to unholy torment.
Your maximum health is greatly increased.
You are immune to poison.
You cannot wear most types of armour.
You are amphibious.
You can wear up to eight rings at the same time.
Your skin changes colour to match your surroundings (Stealth+).
((Your rubbery body absorbs attacks. (AC +1, EV +1)))
((You are camouflaged when in or above water. (Stealth+)))
You have tentacles for arms and can constrict up to eight enemies at once.
You have a pair of small antennae on your head.
Your flesh is cold resistant. (rC+)
You are dopey. (Int -2)
You are frail. (-10% HP)
You are weak. (Str -2)


Message History

The jorogumo casts a spell at you.
The stream of webbing hits you but does no damage.
You are even more entangled.
The wolf spider hits you but does no damage.
The wolf spider bites you but does no damage.
The wolf spider hits you but does no damage.
The wolf spider bites you.
* * * LOW HITPOINT WARNING * * *
The emperor scorpion closely misses you.
The emperor scorpion misses you.
The emperor scorpion claws you but does no damage.
The emperor scorpion completely misses you.
The emperor scorpion claws you but does no damage.
The emperor scorpion claws you!
* * * LOW HITPOINT WARNING * * *
Unknown command.
Unknown command.
Unknown command.
Unknown command.
Unknown command.
You fail to use your ability.
The wolf spider hits you.
* * * LOW HITPOINT WARNING * * *
The wolf spider bites you!
* * * LOW HITPOINT WARNING * * *
The wolf spider closely misses you.
The wolf spider bites you but does no damage.
The jorogumo barely misses you. The emperor scorpion stings you!
* * * LOW HITPOINT WARNING * * *
The emperor scorpion claws you but does no damage.
The emperor scorpion claws you.
* * * LOW HITPOINT WARNING * * *
The emperor scorpion stings you but does no damage.
The emperor scorpion claws you but does no damage.
The emperor scorpion barely misses you. The wolf spider hits you.
* * * LOW HITPOINT WARNING * * *
The wolf spider bites you.
* * * LOW HITPOINT WARNING * * *
The wolf spider hits you!
You die...
Xom snickers!

^#.....^.......# s..#
.^.^..^#......## ...#
^.............~# ...#
.....#...#^...## ..≈##
..#.#...^....~## ..≈≈###
........^......# ...≈≈≈≈
.......^....≈..####~......
^...^.#.#.#.~...#sw.~#
........#.......8Hs†)#
...............sss.###
.................C##
#..............#..#
..........#^.......^
.......#.............
......^.......#..#....
......††..............
.......†....#^..


You could see 2 emperor scorpions, a jorogumo, a steelbarb worm, 2 wolf spiders,
a redback and a friendly cactus giant (summoned).

Vanquished Creatures
  Rupert (D:13)
  Gastronok (D:9)
  2 broodmothers
  Nessos (D:13)
  A minotaur (Gauntlet)
  Snorg (Lair:3)
  A fire dragon (Lair:5)
  Josephine (D:11)
  3 boulder beetles
  8 hydras
  3 radroaches
  3 ogre magi (Orc:2)
  4 centaur warriors
  A death knight (D:14)
  A jorogumo (Spider:3)
  19 two-headed ogres
  Urug (D:13)
  3 death yaks (D:9)
  Sonja (D:10)
  Nergalle (D:11)
  Amaemon (D:11)
  A sun moth (Spider:3)
  2 pharaoh ants (Spider:2)
  2 orb spiders (Spider:3)
  4 steelbarb worms
  A deep elf pyromancer (D:14)
  13 wolf spiders
  4 orc knights
  6 ugly things (D:14)
  3 manticores
  An orc sorcerer (D:15)
  5 cyclopes
  12 elephants
  A moth of wrath (Spider:4)
  A worldbinder (Gauntlet)
  8 black mambas
  2 merfolk sirens (Lair:3)
  Maurice (D:8)
  Joseph (D:8)
  12 cane toads
  An orange demon (D:11)
  3 torpor snails
  2 molten gargoyles (Lair:5)
  A kobold demonologist (D:11)
  3 rime drakes (Lair:2)
  An unseen horror (D:13)
  13 komodo dragons
  5 demonic crawlers
  An efreet (D:14)
  7 trolls
  2 tengu conjurers (D:13)
  2 polar bears
  A queen bee (D:10)
  A merfolk (Lair:3)
  3 meliai (Gauntlet)
  2 hornets
  Grinder (D:6)
  13 blink frogs
  8 slime creatures
  15 tarantellas
  11 dream sheep
  3 centaur simulacra (Gauntlet)
  14 jumping spiders
  18 culicivoras
  10 wraiths
  4 wyverns
  A yak (shapeshifter) (D:14)
  35 yaks
  15 humans (D:13)
  36 redbacks
  A vampire mosquito (D:11)
  A steam dragon (D:9)
  2 basilisks
  Edmund (D:6)
  4 wargs
  4 hell hounds (Lair:5)
  16 water moccasins
  3 black bears
  2 sky beasts
  2 ice beasts
  12 orc warriors
  24 ogres
  4 boggarts
  3 wolves (D:9)
  9 centaurs
  4 kobold brigands
  6 bullfrogs
  A gnoll sergeant (D:12)
  A scorpion (D:6)
  10 wights (D:7)
  A hornet simulacrum (Gauntlet)
  45 killer bees
  3 howler monkeys
  2 electric eels
  4 lava snakes
  2 jellies
  A hound (D:5)
  12 orc priests
  4 iguanas
  17 orc wizards
  Robin (D:2)
  A gnoll (D:12)
  8 adders
  3 white imps
  2 ufetubi (D:6)
  3 worms
  A dart slug (D:3)
  36 orcs
  5 ball pythons
  6 bats
  3 endoplasms
  13 goblins
  4 hobgoblins (D:2)
  4 jackals (D:2)
  5 frilled lizards
  26 kobolds
  A kobold skeleton (D:10)
  4 rats
  2 rat zombies (D:14)
699 creatures vanquished.

Vanquished Creatures (collateral kills)
  Kirke (Spider:1)
  2 hydras
  A two-headed ogre (Orc:2)
  An ogre mage (Orc:2)
  A pharaoh ant (Spider:3)
  2 orb spiders
  A lindwurm (Lair:5)
  3 slime creatures
  A merfolk siren (Lair:3)
  2 elephants
  A cane toad (Lair:3)
  A gargoyle (D:12)
  A komodo dragon (Lair:1)
  A tarantella (Spider:4)
  A dream sheep (Lair:4)
  A culicivora (Spider:4)
  7 jumping spiders
  2 hogs (Spider:1)
  A yak (Lair:3)
  Grum (D:9)
  3 redbacks
  A water moccasin (Lair:3)
  An ogre (Orc:2)
  2 bullfrogs (Lair:1)
  A lava snake (Lair:5)
  2 gnolls (D:12)
  A kobold (D:9)
  A bush (Lair:1)
44 creatures vanquished.

Vanquished Creatures (others)
  An unseen horror (shapeshifter) (D:8)
  A redback (Spider:3)
  8 fungi
  45 plants
  4 snaplasher vines
59 creatures vanquished.

Grand Total: 802 creatures vanquished

Notes
Turn   | Place    | Note
-------+----------+-------------------------------------------
     0 | D:1      | M4edhros the Octopode Chaos Knight began the quest for the
                  | Orb.
     0 | D:1      | Reached XP level 1. HP: 16/16 MP: 1/1
    31 | D:1      | XOM: potion effect (curing)
   161 | D:2      | Reached XP level 2. HP: 15/21 MP: 2/2
   177 | D:2      | XOM: potion effect (curing)
   182 | D:2      | XOM: smoke on damage
   218 | D:4      | Reached XP level 3. HP: 21/26 MP: 3/3
   251 | D:4      | XOM: silly message
   872 | D:2      | XOM: god gift: halberd {god gift}
  1270 | D:2      | XOM: scenery: 1 doors open
  1287 | D:2      | Noticed Robin
  1287 | D:2      | XOM: 1-stop teleportation journey
  1289 | D:2      | Found the +7 Kryia's mail coat {PotionHeal*2 rC+}
  1294 | D:2      | You fall into a shaft and drop 2 floors!
  1424 | D:3      | XOM: give mutations
  1424 | D:3      | Gained mutation: Your natural rate of healing is unusually
                  | fast. [Xom's grace]
  1424 | D:3      | Gained mutation: You have an increased reservoir of magic.
                  | (+10% MP) [Xom's grace]
  1424 | D:3      | Gained mutation: You are agile. (Dex +4, Str/Int -1) [Xom's
                  | grace]
  1424 | D:3      | Gained mutation: One of your tentacles bears a spike.
                  | [Xom's grace]
  1551 | D:4      | You fall into a shaft and drop 1 floor!
  1551 | D:5      | Entered Level 5 of the Dungeon
  1564 | D:4      | Identified the +5 leather armour of Kimazucw {rC+ rN+
                  | Regen+}
  1592 | D:4      | Found a glowing silver altar of Zin.
  1931 | D:3      | XOM: silly message
  1982 | D:3      | XOM: give mutation
  1982 | D:3      | Gained mutation: You passively map a small area around you.
                  | [Xom's grace]
  2464 | D:4      | XOM is BORED!
  2464 | D:4      | XOM: give mutation
  2464 | D:4      | Gained mutation: You are frail. (-10% HP) [Xom's mischief]
  2669 | D:4      | XOM: give mutations
  2669 | D:4      | Gained mutation: You are partially covered in iridescent
                  | scales. (AC +2) [Xom's grace]
  2669 | D:4      | Gained mutation: Your muscles are strong. (Str +4, Int/Dex
                  | -1) [Xom's grace]
  2767 | D:4      | XOM: god gift: 42 gold pieces
  3049 | D:4      | XOM: noise
  3327 | D:4      | XOM: 2-stop teleportation journey
  3426 | D:4      | XOM: 8-stop teleportation journey
  3497 | D:4      | Noticed Dowan
  3498 | D:4      | Noticed Duvessa
  3504 | D:4      | XOM: divination: detect items
  3515 | D:5      | XOM: potion effect (haste)
  3524 | D:5      | XOM: potion effect (invisibility)
  3538 | D:5      | XOM: enchant monster (good)
  3556 | D:5      | Reached XP level 4. HP: 29/29 MP: 4/4
  3582 | D:5      | Noticed an ogre
  3606 | D:5      | XOM: summons friendly iron imp
  3700 | D:5      | XOM: potion effect (might)
  3710 | D:5      | Reached XP level 5. HP: 34/34 MP: 5/5
  3768 | D:5      | XOM: divination: detect creatures
  3859 | D:5      | Noticed Grinder
  3865 | D:5      | Paralysed by Grinder for 5 turns
  3878 | D:6      | Killed Grinder
  3879 | D:6      | Reached skill level 5 in Fighting
  3879 | D:6      | Reached skill level 5 in Dodging
  3879 | D:6      | Reached XP level 6. HP: 25/40 MP: 6/6
  3936 | D:6      | Found a staircase to the Ecumenical Temple.
  3945 | Temple   | Entered the Ecumenical Temple
  3959 | Temple   | Fell from the grace of Xom
  3959 | Temple   | Became a worshipper of Cheibriados the Contemplative
  4162 | D:2      | Killed Robin
  4163 | D:2      | Reached skill level 1 in Unarmed Combat
  4299 | D:1      | Found a faded altar of an unknown god.
  4432 | D:2      | Noticed Sigmund
  4491 | D:2      | Reached * piety under Cheibriados
  4631 | D:3      | Reached skill level 2 in Unarmed Combat
  4631 | D:3      | Reached XP level 7. HP: 31/45 MP: 7/7
  4911 | D:5      | Reached skill level 3 in Unarmed Combat
  5053 | D:6      | Reached skill level 4 in Unarmed Combat
  5113 | D:6      | Reached ** piety under Cheibriados
  5155 | D:6      | Identified the +12 dagger of the Festooned God {speed, rF+}
  5188 | D:6      | Reached skill level 5 in Unarmed Combat
  5188 | D:6      | Reached XP level 8. HP: 49/49 MP: 8/8
  5247 | D:6      | Noticed Edmund
  5253 | D:6      | Killed Edmund
  5254 | D:6      | Reached skill level 6 in Unarmed Combat
  5296 | D:6      | Reached skill level 7 in Unarmed Combat
  5351 | D:7      | Reached skill level 8 in Unarmed Combat
  5409 | D:7      | Reached XP level 9. HP: 54/54 MP: 9/9
  5428 | D:7      | Reached skill level 9 in Unarmed Combat
  5448 | D:7      | Reached *** piety under Cheibriados
  5500 | D:7      | Reached skill level 10 in Unarmed Combat
  5526 | D:7      | Found Qowkion's Specific Store.
  5537 | D:7      | Found Dozoesh's General Store.
  5547 | D:7      | Bought a potion of lignification for 48 gold pieces
  5551 | D:7      | Bought a wand of flame (12) for 109 gold pieces
  5610 | D:7      | Found an iron altar of Okawaru.
  5653 | D:7      | Learned a level 3 spell: Call Canine Familiar
  5671 | D:6      | Found an ancient bone altar of Kikubaaqudgha.
  5702 | D:8      | Noticed a cane toad
  5702 | D:8      | Noticed a boulder beetle
  5702 | D:8      | Noticed a six-headed hydra
  5704 | D:8      | Reached skill level 1 in Summonings
  5706 | D:8      | a cane toad changed into a basilisk
  5708 | D:8      | Reached skill level 11 in Unarmed Combat
  5709 | D:8      | Noticed a two-headed ogre
  5711 | D:8      | Noticed a centaur warrior
  5713 | D:8      | Killed a boulder beetle
  5714 | D:8      | Reached XP level 10. HP: 59/59 MP: 11/11
  5716 | D:8      | Killed a six-headed hydra
  5717 | D:8      | Noticed a cyclops
  5720 | D:8      | Killed a two-headed ogre
  5721 | D:8      | Reached skill level 12 in Unarmed Combat
  5721 | D:8      | Reached skill level 5 in Summonings
  5729 | D:8      | Killed a cyclops
  5731 | D:8      | Killed an unseen horror
  5736 | D:8      | Killed a centaur warrior
  5736 | D:8      | Reached **** piety under Cheibriados
  5754 | D:8      | Identified the +7 hand axe of Recklessness {vorpal, Fly
                  | rCorr}
  5852 | D:8      | Noticed Joseph
  5857 | D:8      | Killed Joseph
  5858 | D:8      | Reached XP level 11. HP: 42/64 MP: 12/12
  5882 | D:8      | Found a shimmering blue altar of Sif Muna.
  5894 | D:8      | XOM: silly message
  5899 | D:8      | Noticed Maurice
  5909 | D:8      | Killed Maurice
  5910 | D:8      | Reached skill level 13 in Unarmed Combat
  5918 | D:8      | XOM: divination: detect creatures
  5933 | D:8      | XOM: silly message
  6035 | D:9      | Noticed Gastronok
  6080 | D:9      | Killed Gastronok
  6202 | D:9      | Noticed a death yak
  6202 | D:9      | Noticed Grum
  6203 | D:9      | Found a staircase to the Lair.
  6205 | D:9      | Noticed a death yak
  6211 | D:9      | Noticed a death yak
  6217 | D:9      | Killed a death yak
  6219 | D:9      | Reached ***** piety under Cheibriados
  6223 | D:9      | Killed a death yak
  6224 | D:9      | Reached skill level 14 in Unarmed Combat
  6234 | D:9      | Killed a death yak
  6251 | D:9      | Killed Grum
  6297 | Lair:1   | Entered Level 1 of the Lair of Beasts
  6315 | Lair:1   | XOM: polymorph wolf -> centaur
  6325 | Lair:1   | Noticed a six-headed hydra
  6334 | Lair:1   | Killed a six-headed hydra
  6335 | Lair:1   | Reached skill level 10 in Summonings
  6335 | Lair:1   | Reached XP level 12. HP: 51/69 MP: 10/13
  6486 | Lair:2   | Found a hole to the Spider Nest.
  6497 | Lair:2   | Reached skill level 15 in Unarmed Combat
  6697 | Lair:3   | XOM: summons friendly quasit
  6743 | Lair:4   | Learned a level 7 spell: Haunt
  6748 | Lair:4   | Reached skill level 1 in Necromancy
  6756 | Lair:4   | Noticed a six-headed hydra
  6766 | Lair:4   | Killed a six-headed hydra
  6775 | Lair:4   | XOM: summons 4 hostile demons
  6833 | Lair:3   | Reached ****** piety under Cheibriados
  6841 | Lair:3   | XOM: torment (32/76 hp)
  6847 | Lair:3   | Reached skill level 5 in Necromancy
  6923 | Lair:2   | Reached XP level 13. HP: 81/81 MP: 14/14
  6981 | Lair:2   | Reached skill level 1 in Invocations
  7077 | Lair:4   | Found a staircase to the Slime Pits.
  7077 | Lair:4   | Found a viscous altar of Jiyva.
  7077 | Lair:4   | XOM: 3-stop teleportation journey
  7096 | Lair:4   | Reached skill level 10 in Fighting
  7199 | Lair:5   | Entered Level 5 of the Lair of Beasts
  7268 | Lair:5   | Reached skill level 5 in Invocations
  7361 | Lair:5   | Found a large runed translucent door.
  7363 | Lair:5   | Found a large runed translucent door.
  7393 | Lair:5   | Noticed a fire dragon
  7400 | Lair:5   | Killed a fire dragon
  7526 | Lair:5   | Reached skill level 1 in Spellcasting
  7530 | Lair:5   | Reached XP level 14. HP: 83/89 MP: 11/20
  7697 | Lair:3   | Noticed Snorg
  7710 | Lair:3   | Killed Snorg
  7716 | Lair:3   | You fall into a shaft and drop 2 floors!
  8047 | Lair:1   | Reached skill level 10 in Necromancy
  8108 | D:9      | XOM: summons 4 hostile demons
  8172 | D:10     | Entered Level 10 of the Dungeon
  8266 | D:10     | Found a runed translucent door.
  8271 | D:10     | Found a basalt altar of Yredelemnul.
  8325 | D:10     | Noticed Sonja
  8328 | D:10     | Killed Sonja
  8382 | D:11     | Found a staircase to the Orcish Mines.
  8530 | Orc:1    | Entered Level 1 of the Orcish Mines
  8696 | Orc:2    | Entered Level 2 of the Orcish Mines
  8788 | Orc:2    | Found a staircase to the Elven Halls.
  8802 | Orc:2    | XOM: chaos upgrade
  8922 | Orc:2    | Reached XP level 15. HP: 76/94 MP: 23/23
  8966 | Orc:2    | Found Yhirho Unipp's Book Boutique.
  8966 | Orc:2    | Found Uqiudev's Armour Emporium.
  8966 | Orc:2    | Found Lelejuoh's Jewellery Shoppe.
  8966 | Orc:2    | Found Kokauraf's Weapon Boutique.
  8973 | Orc:2    | Bought a book of the Earth for 504 gold pieces
  8980 | Orc:2    | Learned a level 6 spell: Statue Form
  9045 | Orc:2    | XOM: stat loss: -2 Dex (33/35)
  9324 | Orc:2    | XOM: torment (48/94 hp)
  9328 | Orc:2    | Bought a book of the Wilderness for 532 gold pieces
  9334 | Orc:2    | Learned a level 5 spell: Summon Forest
  9362 | Orc:2    | XOM: give mutations
  9362 | Orc:2    | Lost mutation: One of your tentacles bears a spike. [Xom's
                  | mischief]
  9362 | Orc:2    | Gained mutation: You occasionally shout uncontrollably at
                  | your foes. [Xom's mischief]
  9362 | Orc:2    | Lost mutation: You are agile. (Dex +4, Str/Int -1) [Xom's
                  | mischief]
  9362 | Orc:2    | Lost mutation: You have an increased reservoir of magic.
                  | (+10% MP) [Xom's mischief]
  9415 | D:11     | XOM: stat loss: -2 Int (29/31)
  9513 | D:12     | HP: 4/94 [eight-headed hydra (3)]
  9603 | D:11     | Reached skill level 1 in Translocations
  9603 | D:11     | Reached skill level 1 in Transmutations
  9603 | D:11     | Reached skill level 1 in Earth Magic
  9645 | D:11     | Noticed Josephine
  9656 | D:11     | Killed Josephine
  9674 | D:11     | XOM: give mutations
  9674 | D:11     | Lost mutation: Your muscles are strong. (Str +4, Int/Dex
                  | -1) [Xom's mischief]
  9674 | D:11     | Gained mutation: You occasionally lose the ability to read
                  | scrolls when taking damage. [Xom's mischief]
  9674 | D:11     | Gained mutation: You are clumsy. (Dex -2) [Xom's mischief]
  9674 | D:11     | Gained mutation: You are very frail. (-20% HP) [Xom's
                  | mischief]
  9684 | D:11     | Lost mutation: You passively map a small area around you.
                  | [potion of mutation]
  9684 | D:11     | Lost mutation: You occasionally lose the ability to read
                  | scrolls when taking damage. [potion of mutation]
  9684 | D:11     | Lost mutation: You are partially covered in iridescent
                  | scales. (AC +2) [potion of mutation]
  9684 | D:11     | Gained mutation: You have an increased reservoir of magic.
                  | (+10% MP) [potion of mutation]
  9684 | D:11     | Gained mutation: You expend magic power (3 MP) to
                  | strengthen your wands. [potion of mutation]
  9685 | D:11     | Lost mutation: You have an increased reservoir of magic.
                  | (+10% MP) [potion of mutation]
  9685 | D:11     | Lost mutation: You expend magic power (3 MP) to strengthen
                  | your wands. [potion of mutation]
  9685 | D:11     | Lost mutation: You occasionally shout uncontrollably at
                  | your foes. [potion of mutation]
  9685 | D:11     | Lost mutation: Your natural rate of healing is unusually
                  | fast. [potion of mutation]
  9685 | D:11     | Gained mutation: You expend magic power (3 MP) to
                  | strengthen your wands. [potion of mutation]
  9685 | D:11     | Lost mutation: You are clumsy. (Dex -2) [potion of
                  | mutation]
  9685 | D:11     | Gained mutation: Your mind is acute. (Int +4, Str/Dex -1)
                  | [potion of mutation]
  9686 | D:11     | Lost mutation: Your mind is acute. (Int +4, Str/Dex -1)
                  | [potion of mutation]
  9686 | D:11     | Lost mutation: You are very frail. (-20% HP) [potion of
                  | mutation]
  9686 | D:11     | Gained mutation: You are very frail. (-20% HP) [potion of
                  | mutation]
  9693 | D:11     | Noticed Amaemon
  9701 | D:11     | Killed Amaemon
  9768 | D:11     | XOM: summons 1 hostile demon
  9849 | D:11     | Noticed Nergalle
  9858 | D:11     | Killed Nergalle
  9992 | D:12     | XOM: summons 5 hostile demons
 10104 | D:13     | Noticed Nessos
 10104 | D:13     | Noticed Rupert
 10104 | D:13     | Noticed Urug
 10104 | D:13     | Found a gate to the Vaults.
 10106 | D:12     | XOM: give mutation
 10106 | D:12     | Gained mutation: Your body sometimes deteriorates upon
                  | taking damage. [Xom's mischief]
 10106 | D:12     | Was forgiven by Xom
 10199 | D:13     | Reached skill level 5 in Spellcasting
 10241 | D:13     | Killed Nessos
 10246 | D:13     | Killed Urug
 10250 | D:13     | Found a gate leading to a gauntlet.
 10267 | Gauntlet | Entered a Gauntlet
 10267 | Gauntlet | Found a transporter.
 10267 | Gauntlet | Found a transporter.
 10269 | Gauntlet | Found a transporter.
 10269 | Gauntlet | Found a transporter.
 10273 | Gauntlet | Found a transporter.
 10273 | Gauntlet | Found a transporter.
 10303 | Gauntlet | Found a transporter.
 10306 | Gauntlet | Found a transporter.
 10316 | Gauntlet | Found a transporter.
 10332 | Gauntlet | Found a transporter.
 10346 | Gauntlet | Found a transporter.
 10350 | Gauntlet | Found a transporter.
 10417 | Gauntlet | Reached skill level 10 in Dodging
 10469 | Gauntlet | Lost mutation: You expend magic power (3 MP) to strengthen
                  | your wands. [potion of mutation]
 10469 | Gauntlet | Lost mutation: You are very frail. (-20% HP) [potion of
                  | mutation]
 10469 | Gauntlet | Gained mutation: Your muscles are strong. (Str +4, Int/Dex
                  | -1) [potion of mutation]
 10624 | Gauntlet | Identified the +8 arbalest of Defiance {penet, rPois rF+
                  | Will+ Stlth+}
 10624 | Gauntlet | Identified the ring of Keefam {Fire Dex+5}
 10764 | D:14     | Found Uxtudal's Antique Armour Boutique.
 10803 | D:14     | Bought a glowing kite shield for 157 gold pieces
 10866 | D:14     | Found an ancient bone altar of Kikubaaqudgha.
 10912 | D:13     | Killed Rupert
 11271 | D:14     | Identified the ring of Ephemeral Luck {rPois rF- rN+ Int+5}
 11298 | D:15     | Entered Level 15 of the Dungeon
 11313 | D:15     | Gained mutation: You are dopey. (Int -2) [mutagenic glow]
 11319 | D:15     | Gained mutation: You are very frail. (-20% HP) [mutagenic
                  | glow]
 11352 | D:15     | Lost mutation: Your muscles are strong. (Str +4, Int/Dex
                  | -1) [potion of mutation]
 11352 | D:15     | Lost mutation: You are dopey. (Int -2) [potion of mutation]
 11352 | D:15     | Lost mutation: Your body sometimes deteriorates upon taking
                  | damage. [potion of mutation]
 11352 | D:15     | Lost mutation: You are very frail. (-20% HP) [potion of
                  | mutation]
 11352 | D:15     | Gained mutation: You have a pair of small antennae on your
                  | head. [potion of mutation]
 11352 | D:15     | Gained mutation: You have hidden genetic defects. [potion
                  | of mutation]
 11352 | D:15     | Gained mutation: Your flesh is cold resistant. (rC+)
                  | [potion of mutation]
 11360 | D:15     | Reached XP level 16. HP: 68/99 MP: 24/24
 11367 | D:15     | Found a flickering gateway to a bazaar.
 11378 | Bazaar   | Entered a bazaar
 11381 | Bazaar   | Found Imehi's Armour Boutique.
 11399 | Bazaar   | Found Neloduac's Antique Weapon Shoppe.
 11403 | Bazaar   | Found Ocsugruu's Book Shoppe.
 11417 | Bazaar   | Found Camp's Magic Scroll Emporium.
 11425 | Bazaar   | Bought a scroll of blinking for 67 gold pieces
 11437 | Bazaar   | Bought a Young Poisoner's Handbook for 320 gold pieces
 11499 | D:15     | Reached skill level 5 in Transmutations
 11500 | D:15     | Reached skill level 5 in Earth Magic
 12052 | Spider:1 | Entered Level 1 of the Spider Nest
 12052 | Spider:1 | Noticed Kirke
 12059 | Spider:1 | Killed Kirke
 12065 | Spider:1 | Gained mutation: You are dopey. (Int -2) [hidden defects]
 12240 | Spider:3 | Reached skill level 1 in Shields
 12340 | Spider:3 | Gained mutation: You are weak. (Str -2) [hidden defects]
 12340 | Spider:3 | Lost mutation: You have hidden genetic defects. [hidden
                  | defects expressed]
 12617 | Spider:3 | Learned a level 6 spell: Summon Cactus Giant
 12671 | Spider:4 | Entered Level 4 of the Spider Nest
 12725 | Spider:4 | Reached skill level 5 in Shields
 12740 | Spider:4 | Reached XP level 17. HP: 78/104 MP: 22/26
 12845 | Spider:4 | Slain by a wolf spider

Illustrated notes

Levels and vault maps discovered:
D:1:      dpeg_arrival_stonehenge_8_columns, layout_loops_ring,
          chequers_ecumenical_altar_simple
D:2:      layout_basic, serial_bayou_lake_a, uniq_sigmund, uniq_robin
D:3:      layout_basic
D:4:      layout_loops_ring, mainiacjoe_overflow_six_doors_small,
          uniq_crazy_yiuf_cottage, uniq_duvessa
D:5:      layout_gridville, marbit_many_paths, st_stairs_11, uniq_grinder
D:6:      layout_gridville, mainiacjoe_overflow_alcove_4,
          minmay_temple_entry_antechambers, uniq_edmund
D:7:      layout_rooms, mainiacjoe_overflow_24_doors,
          mainiacjoe_overflow_alcove_2, nicolae_specific_store
D:8:      minmay_the_grid_octo_triangle [minmay_the_grid_octo_tetromino_candy,
          minmay_the_grid_octo_prize_star, minmay_the_grid_octo_thin_diamonds],
          layout_basic, nicolae_overflow_crystal_walls, uniq_joseph,
          uniq_maurice
D:9:      layout_cave_pools, mainiacjoe_overflow_alcove_3, dpeg_lair_monsters,
          uniq_grum, uniq_gastronok
D:10:     layout_basic, dk_yredelemnul_ordeal, special_room [special_room_bee],
          uniq_sonja
D:11:     layout_loops_ring, orc_0_dummy, minmay_bent, uniq_amaemon,
          uniq_josephine, uniq_nergalle
D:12:     layout_irregular_city
D:13:     layout_layer_cave, david_vaults_3, gauntlet_entry_generic
D:14:     layout_basic, serial_shops, shop, lemuel_zombie_altar_kikubaaqudgha
D:15:     grunt_enter_depths_snipers, layout_basic, serial_shops,
          bzr_entry_dummy, minmay_misc_feat_diagonals,
          eino_small_chamber_without_monster
Temple:   bh_familiar_temple
Lair:1:   layout_chaotic_city, evilmike_ambush [evilmike_ambush_outer_doors,
          evilmike_ambush_inner_pond]
Lair:2:   layout_gridlike, spider_nest_entry_a, serial_bayou_lagoon_a
Lair:3:   layout_chaotic_city, elwin_shoals_entry_stream, minivault_27,
          grunt_megastairs_1, uniq_snorg
Lair:4:   layout_hall_layers, nicolae_slime_entry_slimehenge,
          beast_lair_carwin_2
Lair:5:   cheibrodos_lair_end_hotspot, layout_concentric_octagons,
          nicolae_quartered_pool_super, serial_bayou_shore_a, uniq_urug
Spider:1: nicolae_spider_mines_3, uniq_kirke
Spider:2: layout_spider_delve, hive_lemuel
Spider:3: layout_cave_pods
Spider:4: grunt_spider_rune_circles, hellmonk_test_site
Orc:1:    layout_diamond_mine, gammafunk_ghost_grave, lightli_orcish_oven
Orc:2:    st_orc_ogre_mass, layout_caves, basic_altar, mines1_david

Skill      XL: |  1  2  3  4  5  6  7  8  9 10 11 12 13 14 15 16 |
---------------+-------------------------------------------------+-----
Dodging        | 3 5 8 10 | 10.0
Fighting       | 4 5 9 10 | 10.4
Unarmed Combat | 2 5 8 11 12 14 15 | 15.0
Summonings     | 3 7 10 11 | 11.5
Necromancy     | 5 9 11 | 11.5
Invocations    | 6 |  6.0
Spellcasting   | 1 4 5 6 |  6.0
Translocations | 4 |  4.0
Transmutations | 4 8 |  8.9
Earth Magic    | 4 8 |  8.9
Shields        | 5 |  5.5
Long Blades    | |  3.4

Action                   |  1- 3 |  4- 6 |  7- 9 | 10-12 | 13-15 | 16-18 || total
-------------------------+-------+-------+-------+-------+-------+-------++-------
Melee: Falchion          |    39 |    15 |       |       |       |       ||    54
       Constrict         |     8 |    21 |    42 |    33 |    70 |    51 ||   225
       Tentacles         |     4 |     4 |    24 |    29 |   126 |    42 ||   229
       Kick              |     1 |    17 |    42 |    65 |   170 |       ||   295
       Punch             |       |     2 |     8 |    18 |    71 |    21 ||   120
       Unarmed           |       |    39 |   139 |   195 |   474 |   182 ||  1029
 Fire: Sling             |       |       |       |     2 |       |       ||     2
       Arbalest          |       |       |       |       |    21 |       ||    21
 Cast: Call Canine Famil |       |       |       |    17 |    36 |     1 ||    54
       Summon Forest     |       |       |       |       |     5 |     6 ||    11
       Haunt             |       |       |       |       |     1 |     5 ||     6
       Statue Form       |       |       |       |       |       |    23 ||    23
       Summon Cactus Gia |       |       |       |       |       |     2 ||     2
Invok: Slouch            |       |       |       |       |    18 |    13 ||    31
       Temporal Distorti |       |       |       |       |       |     1 ||     1
Evoke: Piece from Xom's  |       |     1 |       |       |       |       ||     1
       Wand              |       |       |       |    11 |       |     2 ||    13
       Phial of floods   |       |       |       |     1 |     1 |     2 ||     4
       Condenser vane    |       |       |       |       |     2 |       ||     2
       Phantom mirror    |       |       |       |       |     1 |       ||     1
  Use: Scroll            |     4 |     6 |     6 |     6 |    11 |     7 ||    40
       Potion            |       |     1 |     7 |     4 |    13 |     4 ||    29
 Stab: Sleeping          |     3 |     2 |     2 |     1 |    12 |     2 ||    22
       Distracted        |     1 |     1 |     1 |     4 |     9 |     1 ||    17
       Confused          |       |       |       |       |     4 |       ||     4
Armor: Skin              |     4 |     5 |    13 |    71 |    27 |   141 ||   261
Dodge: Dodged            |    23 |    40 |    74 |   113 |   447 |   425 ||  1122
Block: Other             |       |       |    21 |    44 |    77 |    33 ||   175
       Reflection        |       |       |       |     2 |     4 |     5 ||    11
       Kite shield       |       |       |       |       |       |    42 ||    42
